 Dungeon Crawl Stone Soup version 0.30-a0-778-g2ef04afb54 (webtiles) character file.

Game seed: 6355783694065789550

21 mistaj the Shield-Bearer (level 2, -1/19 HPs)
             Began as a Gargoyle Fighter on Feb 16, 2023.
             Slain by an iguana (6 damage)
             ... on level 2 of the Dungeon.
             The game lasted 00:01:02 (854 turns).

mistaj the Shield-Bearer (Gargoyle Fighter)          Turns: 854, Time: 00:01:03

Health: -1/19      AC:  9    Str: 19    XL:     2   Next: 87%
Magic:  2/2        EV:  9    Int:  8    God:
Gold:   89         SH:  4    Dex:  9    Spells: 1/1 levels left

rFire   . . .      SeeInvis .    a - +0 flail
rCold   . . .      Faith    .    c - +0 buckler
rNeg    + . .      Spirit   .    b - +0 scale mail
rPois   ∞          Reflect  .    (no helmet)
rElec   +          Harm     .    (no cloak)
rCorr   .          Rampage  .    (no gloves)
Will    .....                    (no boots) Stlth
                                 (no amulet)
HPRegen 0.23/turn                (no ring)
MPRegen 0.08/turn                (no ring)

@: no status effects
A: sickness immunity, AC +2, negative energy resistance 1, electricity
resistance, torment resistance 1, petrification resistance
a: no special abilities


You were on level 2 of the Dungeon.
You visited 1 branch of the dungeon, and saw 2 of its levels.

You collected 89 gold pieces.

Inventory:

Hand Weapons
 a - a +0 flail (weapon)
Armour
 b - a +0 scale mail (worn)
 c - a +0 buckler (worn)
Scrolls
 e - a scroll of teleportation {unknown}
 i - a scroll of enchant armour {unknown}
 j - a scroll of blinking {unknown}
 k - a scroll of enchant weapon {unknown}
 m - 2 scrolls of identify {unknown}
 n - a scroll of fog {unknown}
Potions
 d - a potion of might
 f - a potion of mutation {unknown}
 g - a potion of brilliance {unknown}
 h - 2 potions of curing {unknown}
 l - a potion of degeneration {unknown}
 o - a potion of invisibility {unknown}


   Skills:
 + Level 3.5 Fighting
 * Level 2.5 Maces & Flails
 - Level 3.2 Armour
 * Level 3.7 Shields


You had one spell level left.
You didn't know any spells.
Your spell library contained the following spells:

 Spells                   Type           Power      Damage    Failure   Level
 Freeze                   Ice            0%         1d3       86%         1
 Frozen Ramparts          Ice            0%         1d1       99%         3
 Hailstorm                Conj/Ice       0%         3d3       99%         3
 Petrify                  Tmut/Erth      0%         N/A       100%        4
 Metabolic Englaciation   Hex/Ice        0%         N/A       100%        5
 Statue Form              Tmut/Erth      Unusable   N/A       N/A         6

Dungeon Overview and Level Annotations

Branches:
Dungeon (2/15)

Altars:


Innate Abilities, Weirdness & Mutations

You are immune to sickness and miasma.
Your stone body is resilient. (AC +2)
You are immune to poison.
You resist negative energy. (rN+)
You are resistant to electric shocks. (rElec)
You are resistant to unholy torment.
You are immune to petrification.


Message History

You kill the kobold!
You block the hobgoblin's attack. The rat bites you but does no damage.
The hobgoblin barely misses you. The rat bites you but does no damage.
You thump the hobgoblin!
You kill the hobgoblin!
The rat barely misses you.
You hit the iguana.
The iguana is lightly wounded.
The rat bites you but does no damage. The iguana barely misses you.
You hit the iguana but do no damage.
The iguana is lightly wounded.
The rat bites you but does no damage. The iguana barely misses you.
The rat bites you but does no damage. The iguana barely misses you.
You sock the iguana!
The iguana is heavily wounded.
The rat barely misses you.
The iguana bites you but does no damage.
You barely miss the iguana.
The iguana is heavily wounded.
The iguana bites you but does no damage.
The rat bites you.
You sock the iguana!
The iguana is almost dead.
The rat barely misses you. The iguana bites you. The rat barely misses you.
The iguana bites you but does no damage.
You barely miss the iguana.
The iguana is almost dead.
The iguana completely misses you. The rat completely misses you.
You hit the iguana but do no damage.
The iguana is almost dead.
The iguana bites you!
* * * LOW HITPOINT WARNING * * *
The rat bites you but does no damage.
You are too injured to fight recklessly!
You are too injured to fight recklessly!
The rat attacks as you move away! The rat completely misses you.
The iguana attacks as you move away! The iguana closely misses you.
The rat barely misses you. The iguana attacks as you move away!
The iguana bites you.
You die...

#####.####
#>.....#.#
#.#
#........#
#.#
#<##.#.###
#####.####
#......#
#........#
####.###
#.###.##.#
#+# #.##.#
#.##.#
#..#@#
##..rl###
#.......+
#.....)..###
#####.$###
#.# .. #.#
#.


You could see an iguana and a rat.

Vanquished Creatures
  A bat (D:1)
  An endoplasm (D:1)
  6 hobgoblins
  2 quokkas (D:1)
  3 ball pythons (D:1)
  2 frilled lizards (D:1)
  2 goblins (D:1)
  A kobold (D:2)
  A rat (D:1)
19 creatures vanquished.

Notes
Turn   | Place    | Note
-------+----------+-------------------------------------------
     0 | D:1      | mistaj the Gargoyle Fighter began the quest for the Orb.
     0 | D:1      | Reached XP level 1. HP: 14/14 MP: 1/1
   250 | D:1      | Reached XP level 2. HP: 17/19 MP: 2/2
   854 | D:2      | Slain by an iguana

Illustrated notes

Levels and vault maps discovered:
D:1:      lightli_iron_boxes, layout_loops_cross
D:2:      kennysheep_six_static_rooms, layout_loops_corners, basic_altar,
          kennysheep_generic_room_7

Action                     || total
---------------------------++-------
  Melee: Flail             ||    80
 Armour: Scale mail        ||    62
  Dodge: Dodged            ||    50
  Block: Buckler           ||    14

Table legend: (Time is in decaauts)
 A = Elapsed time spent in this place.
 B = Non-inter-level travel time spent in this place.
 C = Inter-level travel time spent in this place.
 D = Time resting spent in this place.
 E = Time spent auto-exploring this place.
 F = Levels seen in this place.
 G = Mean time per level.
                   A        B        C        D        E       F      G
               +--------+--------+--------+--------+--------+-----+--------+
         Total |    879 |    860 |     19 |    136 |    536 |   2 |  439.5 |
       Dungeon |    879 |    860 |     19 |    136 |    536 |   2 |  439.5 |
               +--------+--------+--------+--------+--------+-----+--------+

Top non-repeatable levels by time:
     D:1: 816 daAuts
     D:2: 63 daAuts
